 Dungeon Crawl Stone Soup version 0.17-a0-1738-g82cdc46 (webtiles) character file.

977 kae the Arsonist (level 8, -12/46 HPs)
             Began as an Octopode Fire Elementalist on Aug 30, 2015.
             Mangled by an ogre
             ... wielding a +0 giant club
              (28 damage)
             ... on level 6 of the Dungeon.
             The game lasted 00:09:19 (7285 turns).

kae the Arsonist (Octopode Fire Elementalist)       Turns: 7285, Time: 00:09:19

Health: -12/46     AC:  1    Str:  7    XL:     8   Next: 17%
Magic:  9/11       EV: 12    Int: 20    God:
Gold:   201        SH:  0    Dex: 12    Spells: 3 memorised, 5 levels left

rFire  . . .     SeeInvis .     (no weapon)
rCold  . . .     Clarity  .     (no shield)
rNeg   . . .     SustAt   +     (helmet restricted)
rPois  .         Gourm    .     (no amulet)
rElec  .         Spirit   .     l - ring of sustain attributes
rCorr  .         Warding  .     (no ring)
rMut   .         Stasis   .     (no ring)
MR     .....                    (no ring)
Stlth  +++.......               (no ring)
                                (no ring)
                                (no ring)
                                (no ring)

@: not resistant to hostile enchantments, fairly stealthy
A: almost no armour, amphibious, 8 rings, constrict 8, camouflage 1, gelatinous
body 1
a: no special abilities


You were on level 6 of the Dungeon.
You were not hungry.

You visited 1 branch of the dungeon, and saw 7 of its levels.

You collected 201 gold pieces.

Inventory:

Jewellery
 l - a ring of sustain attributes (left tentacle)
 y - a cursed ring of teleportation {unknown}
Magical devices
 p - a wand of disintegration (11)
 t - a wand of slowing (39)
Scrolls
 i - a scroll of magic mapping
 m - 3 scrolls of recharging
 r - 2 scrolls of teleportation
 w - 4 scrolls of fog {unknown}
 x - 3 scrolls of identify
Potions
 c - a potion of lignification
 d - a potion of magic
 e - a potion of mutation
 f - a potion of cancellation {unknown}
 g - 4 potions of curing
 h - 2 potions of resistance
 j - a potion of heal wounds {unknown}
 n - 3 potions of brilliance
 o - a potion of haste
 q - a potion of berserk rage {unknown}
 s - a potion of flight {unknown}
 u - a potion of degeneration {unknown}
Books
 a - a book of Flames

   Spells                             Type                      Level
   a - Flame Tongue                   Conjuration/Fire             1
   b - Throw Flame                    Conjuration/Fire             2
   c - Conjure Flame                  Conjuration/Fire             3
   d - Inner Flame                    Hexes/Fire                   3
   e - Sticky Flame                   Conjuration/Fire             4
   f - Fireball                       Conjuration/Fire             5
Comestibles
 b - 6 bread rations
 k - 6 chunks of flesh


   Skills:
 - Level 2.0 Dodging
 - Level 2.6 Stealth
 - Level 2.0 Spellcasting
 - Level 1.0 Conjurations
 + Level 9.7 Fire Magic


You had 5 spell levels left.
You knew the following spells:

 Your Spells              Type           Power        Failure   Level  Hunger
a - Flame Tongue          Conj/Fire      ###..        1%          1    #......
b - Throw Flame           Conj/Fire      ###...       2%          2    ##.....
c - Conjure Flame         Conj/Fire      ###.....     8%          3    ###....


Dungeon Overview and Level Annotations

Branches:
Dungeon (7/15)
 Temple: D:4-7

Altars:
Nemelex Xobeh
Sif Muna
Trog


Innate Abilities, Weirdness & Mutations

You cannot wear most types of armour.
You are amphibious.
You can wear up to eight rings at the same time.
You can use your tentacles to constrict eight enemies at once.
Your skin changes colour to match your surroundings (Stealth).
Your rubbery body absorbs attacks (AC +1).


Message History

The ogre is lightly wounded.
Casting: Flame Tongue
Confirm with . or Enter, or press ? or * to list all spells.
Aiming: Flame Tongue
Press: ? - help, Shift-Dir - straight line, f - ogre
Aim: an ogre, wielding a giant club (lightly wounded)
The flame tongue hits the ogre.
The ogre is heavily wounded.
The ogre hits you with a giant club!!
Ouch! That really hurt!
Casting: Flame Tongue
Confirm with . or Enter, or press ? or * to list all spells.
Aiming: Flame Tongue
Press: ? - help, Shift-Dir - straight line, f/p - ogre
Aim: an ogre, wielding a giant club (heavily wounded)
The flame tongue hits the ogre.
The ogre is almost dead.
The ogre hits you with a giant club!!
Ouch! That really hurt!
You die...

#.#++## #######≈≈≈
#.....###.......≈≈
#..#..............
#..##.###.......[.
####..##.# #.####....
.........# #.# #...#
.######..#..###.####....
........................
.#####@##.#########...#
#O##.# #...# #.##.#
#...# #.##.# #...#
#.##.# #.... .$##.#
#...# #.# .# ..... #..
##.#.#


You could see an ogre.

Vanquished Creatures
  A phantom (D:5)
  An eye of draining (D:5)
  An ogre (D:6)
  A water moccasin skeleton (D:5)
  A scorpion (D:4)
  A crimson imp (D:5)
  A giant frog skeleton (D:5)
  An orc priest (D:4)
  2 giant frog zombies
  A hound (D:4)
  2 centaur skeletons
  2 iguanas
  An orc wizard (D:4)
  4 worker ants
  6 gnolls
  4 adders
  3 shadow imps
  An adder zombie (D:5)
  2 worms
  4 giant geckos
  5 orcs
  13 bats
  4 giant cockroaches
  8 hobgoblins
  9 jackals
  A quokka (D:4)
  A ball python (D:2)
  A giant gecko zombie (D:5)
  5 giant newts
  6 goblins
  A jackal skeleton (D:4)
  6 kobolds
  A quokka skeleton (D:5)
  A quokka zombie (D:5)
  3 rats
105 creatures vanquished.

Notes
Turn   | Place    | Note
--------------------------------------------------------------
     0 | D:1      | kae the Octopode Fire Elementalist began the quest for the Orb.
     0 | D:1      | Reached XP level 1. HP: 11/11 MP: 3/3
   358 | D:1      | Reached XP level 2. HP: 6/17 MP: 0/5
   784 | D:1      | Reached skill level 4 in Fire Magic
  1011 | D:2      | Reached XP level 3. HP: 19/21 MP: 6/6
  1340 | D:2      | Found a deep blue altar of Sif Muna.
  2052 | D:2      | Reached XP level 4. HP: 19/27 MP: 7/7
  2159 | D:2      | Found a sparkling altar of Nemelex Xobeh.
  2296 | D:3      | Reached skill level 5 in Fire Magic
  2306 | D:3      | Learned a level 2 spell: Throw Flame
  2310 | D:3      | Learned a level 3 spell: Conjure Flame
  3320 | D:4      | Reached XP level 5. HP: 4/31 MP: 4/8
  3891 | D:4      | Reached skill level 6 in Fire Magic
  3951 | D:4      | Reached XP level 6. HP: 36/36 MP: 2/9
  4744 | D:5      | Entered Level 5 of the Dungeon
  4954 | D:5      | Reached skill level 7 in Fire Magic
  5365 | D:5      | Reached XP level 7. HP: 28/41 MP: 0/10
  5528 | D:4      | Reached skill level 8 in Fire Magic
  5817 | D:5      | Found a bloodstained altar of Trog.
  6482 | D:5      | You fall through a shaft for 2 floors!
  6869 | D:5      | Reached skill level 9 in Fire Magic
  7127 | D:6      | Reached XP level 8. HP: 46/46 MP: 9/11
  7285 | D:6      | Mangled by an ogre

Vault maps used:
D:1:      dpeg_arrival_court
D:2:      lemuel_coloured_pillars_altar, led_sif_pool
D:4:      first_bread, minivault_5, serial_bayou_ford_a,
          hangedman_decor_peaks_small
D:5:      trog_eyes_of_draining, st_stairs_4
D:6:      kennysheep_opposing_triangles
D:7:      minmay_temple_entry_statues_fountains, uniq_pikel, uniq_menkaure

Action                   |  1- 3 |  4- 6 |  7- 9 || total
-------------------------+-------+-------+-------++-------
Melee: Unarmed           |    70 |    89 |    57 ||   216
 Cast: Flame Tongue      |    30 |    65 |    64 ||   159
       Throw Flame       |       |     5 |    10 ||    15
       Conjure Flame     |       |     1 |       ||     1
Evoke: Wand              |       |     1 |       ||     1
  Use: Scroll            |       |    10 |       ||    10
       Potion            |       |       |     2 ||     2
 Stab: Sleeping          |     6 |     6 |     1 ||    13
       Distracted        |     1 |       |       ||     1
  Eat: Chunk             |     3 |     8 |     5 ||    16
       Fruit             |       |     3 |       ||     3
       Meat ration       |       |       |     1 ||     1
